 Dungeon Crawl Stone Soup version 0.27-a0-1140-g099f9bb0e8 (webtiles) character file.

Game seed: 6093215182017501931

283 Zeld the Skirmisher (level 6, -2/45 HPs)
             Began as an Octopode Fighter on May 9, 2021.
             Slain by an ufetubus (3 damage)
             ... on level 4 of the Dungeon.
             The game lasted 00:06:27 (5615 turns).

Zeld the Skirmisher (Octopode Fighter)              Turns: 5615, Time: 00:06:28

Health: -2/45      AC:  1    Str: 17    XL:     6   Next: 28%
Magic:  6/6        EV: 13    Int: 10    God:
Gold:   13         SH:  0    Dex: 12    Spells: 5/5 levels left

rFire    + . .     SeeInvis .   a - +0 war axe
rCold    . . .     Faith    .   (no shield)
rNeg     . . .     Spirit   .   (helmet restricted)
rPois    .         Reflect  .   (no amulet)
rElec    .         Harm     .   c - ring of protection from fire
rCorr    .         Rampage  .   (no ring)
Will     .....                  (no ring)
Stlth    ++........             (no ring)
HPRegen  0.15/turn              (no ring)
MPRegen  0.10/turn              (no ring)
                                (no ring)
                                (no ring)

@: no status effects
A: almost no armour, amphibious, 8 rings, camouflage 1, gelatinous body 1,
(nimble swimmer 1), tentacles
a: no special abilities


You were on level 4 of the Dungeon.
You visited 1 branch of the dungeon, and saw 4 of its levels.

You collected 169 gold pieces.
You spent 156 gold pieces at shops.

Inventory:

Hand Weapons
 a - a +0 war axe (weapon)
Jewellery
 c - a ring of protection from fire (left tentacle)
Scrolls
 d - a scroll of noise {unknown}
 f - 2 scrolls of teleportation {unknown}
 g - 4 scrolls of identify {unknown}
 h - a scroll of enchant weapon {unknown}
 i - a scroll of magic mapping {unknown}
 k - a scroll of enchant armour {unknown}
 l - a scroll of immolation {unknown}
Potions
 b - a potion of berserk rage
 e - 3 potions of curing
 j - a potion of invisibility {unknown}
 m - a potion of cancellation {unknown}
 n - a potion of degeneration {unknown}
 o - 3 potions of heal wounds


   Skills:
 * Level 5.2 Fighting
 * Level 4.7 Axes
 - Level 3.0 Dodging
 - Level 3.0 Shields


You had 5 spell levels left.
You didn't know any spells.
Your spell library was empty.

Dungeon Overview and Level Annotations

Branches:
Dungeon (4/15)
 Temple: D:4-7

Altars:
Yredelemnul

Shops:
D:1 (![   D:3 (=


Innate Abilities, Weirdness & Mutations

You cannot wear most types of armour.
You are amphibious.
You can wear up to eight rings at the same time.
Your skin changes colour to match your surroundings (Stealth+).
Your rubbery body absorbs attacks. (AC +1, EV +1)
((You are camouflaged near water. (Stealth+)))
You have tentacles for arms and can constrict up to eight enemies at once.


Message History

A kobold comes into view. It is wielding a +0 short sword.
The ufetubus barely misses you. The ufetubus hits you.
You release your grip on the water moccasin skeleton.
An orc comes into view. It is wielding a +0 dagger.
The water moccasin skeleton barely misses you.
The ufetubus hits you. x2
A quokka comes into view.
The ufetubus barely misses you. The ufetubus hits you.
You closely miss the ufetubus. Your grab misses the ufetubus.
The ufetubus is heavily wounded.
You hit the goblin.
You kill the goblin!
The ufetubus hits you.
The ufetubus hits you but does no damage.
You hit the ufetubus. Your grab misses the ufetubus.
The ufetubus is almost dead.
The ufetubus barely misses you. The ufetubus misses you. The orc misses you.
The ufetubus misses you. The ufetubus closely misses you.
The water moccasin skeleton misses you.
Unknown command.
You barely miss the ufetubus. Your grab misses the ufetubus.
Your squeeze misses the ufetubus.
The ufetubus is almost dead.
You barely miss the water moccasin skeleton.
The ufetubus hits you. x2
The orc hits you from afar with a +0 trident.
* * * LOW HITPOINT WARNING * * *
The water moccasin skeleton closely misses you.
The ufetubus barely misses you. The ufetubus hits you.
* * * LOW HITPOINT WARNING * * *
The water moccasin skeleton bites you.
* * * LOW HITPOINT WARNING * * *
The ufetubus barely misses you. The ufetubus hits you.
* * * LOW HITPOINT WARNING * * *
Things that are here:
a +0 flail; an orc corpse The ufetubus closely misses you.
The ufetubus hits you.
* * * LOW HITPOINT WARNING * * *
The ufetubus hits you.
You die...

.... ..........#.#...
.........o..........
... ....#..$.#.....
.#####.######.o..#..##.
........>.#..K.....#
...........o#.#....#
..........)##.#......
..........#...###.....
#...<..@5...### #....
#.........### .r..
#######.....# ..
#...###...# #.### ##...
#########.######. ##
##.....#..........
##.............####
#....<..........#


You could see 2 orcs, an ufetubus and a kobold.

Vanquished Creatures
  A black bear (D:3)
  Crazy Yiuf (D:3)
  3 orc wizards
  Robin (D:3)
  2 adders (D:2)
  A worm (D:2)
  2 dart slugs
  3 orcs
  3 bats
  3 endoplasms
  A giant cockroach (D:1)
  15 goblins
  8 hobgoblins
  5 ball pythons
  3 frilled lizards
  6 kobolds
  2 rats
60 creatures vanquished.

Notes
Turn   | Place    | Note
-------+----------+-------------------------------------------
     0 | D:1      | Zeld the Octopode Fighter began the quest for the Orb.
     0 | D:1      | Reached XP level 1. HP: 16/16 MP: 1/1
    61 | D:1      | Found Moulauq's Distillery.
    73 | D:1      | Found Lupnir's Weapon Shoppe.
   209 | D:1      | Reached XP level 2. HP: 21/21 MP: 2/2
   375 | D:1      | Found a faded altar of an unknown god.
   467 | D:1      | Found Ravi Otziumy's Armour Shop.
   813 | D:2      | Reached XP level 3. HP: 10/26 MP: 3/3
  1454 | D:2      | Found a basalt altar of Yredelemnul.
  2200 | D:2      | Reached skill level 4 in Fighting
  2200 | D:2      | Reached XP level 4. HP: 9/33 MP: 4/4
  2915 | D:3      | Reached XP level 5. HP: 22/38 MP: 5/5
  3184 | D:3      | Noticed a black bear
  3204 | D:3      | Killed a black bear
  3205 | D:3      | Reached skill level 5 in Fighting
  3337 | D:3      | Found Evyihief's Jewellery Emporium.
  3448 | D:1      | Bought a potion of berserk rage for 60 gold pieces
  3448 | D:1      | Bought a potion of curing for 36 gold pieces
  3498 | D:3      | Found Donurph's Weapon Shop.
  3614 | D:3      | Reached XP level 6. HP: 43/45 MP: 6/6
  3887 | D:3      | Noticed Robin
  4113 | D:3      | Found a runed translucent door.
  4114 | D:3      | Noticed Crazy Yiuf
  4517 | D:3      | Killed Crazy Yiuf
  4736 | D:3      | Killed Robin
  5184 | D:3      | Found Donurph's Weapon Shop.
  5217 | D:3      | Found Evyihief's Jewellery Emporium.
  5478 | D:1      | Bought a potion of heal wounds for 60 gold pieces
  5613 | D:4      | HP: 1/45 [ufetubus (4)]
  5615 | D:4      | Slain by an ufetubus

Illustrated notes

Levels and vault maps discovered:
D:1:      nagdon_arrival_zigzag_paths, layout_loops_ring, serial_shops, shop,
          nicolae_shop_temple_entry_statues_fountains, shop,
          hellmonk_ecumenical_altar_inner_sanctum
D:2:      layout_loops_cross, basic_altar
D:3:      kennysheep_big_flooded_room, layout_basic, serial_shops, shop, shop,
          kennysheep_pointless_box, uniq_robin, uniq_crazy_yiuf_cottage
D:4:      layout_rooms, uniq_duvessa

Skill      XL: |  1  2  3  4  5 |
---------------+----------------+-----
Axes           | 3 4 |  4.7
Fighting       | 4 5 |  5.2
Dodging        | |  3.0
Shields        | |  3.0

Action                   |  1- 3 |  4- 6 || total
-------------------------+-------+-------++-------
Melee: War axe           |    64 |    53 ||   117
       Constrict         |    14 |    19 ||    33
       Tentacles         |     9 |    11 ||    20
  Use: Potion            |     2 |       ||     2
 Stab: Sleeping          |     6 |     3 ||     9
Armor: Skin              |    16 |     3 ||    19
Dodge: Dodged            |    36 |    48 ||    84

Table legend: (Time is in decaauts)
 A = Elapsed time spent in this place.
 B = Non-inter-level travel time spent in this place.
 C = Inter-level travel time spent in this place.
 D = Time resting spent in this place.
 E = Time spent auto-exploring this place.
 F = Levels seen in this place.
 G = Mean time per level.
                   A        B        C        D        E       F      G
               +--------+--------+--------+--------+--------+-----+--------+
         Total |   5658 |   5263 |    395 |   1020 |   3758 |   4 | 1414.5 |
       Dungeon |   5658 |   5263 |    395 |   1020 |   3758 |   4 | 1414.5 |
               +--------+--------+--------+--------+--------+-----+--------+

Top non-repeatable levels by time:
     D:3: 2658 daAuts
     D:2: 2051 daAuts
     D:1: 910 daAuts
     D:4: 37 daAuts
